 Dungeon Crawl Stone Soup version 0.26-a0-639-g72c4674329 (webtiles) character file.

Game seed: 10750292168259015217

22844 Borgoz the Fighter (level 13, -3/85 HPs)
             Began as a Gargoyle Gladiator on Sept 18, 2020.
             Was a Priest of Ashenzari.
             Killed from afar by a yellow draconian stormcaller (12 damage)
             ... on level 3 of the Abyss.
             The game lasted 00:21:35 (13691 turns).

Borgoz the Fighter (Gargoyle Gladiator)            Turns: 13691, Time: 00:21:36

Health: -3/85      AC: 23    Str: 20      XL:     13   Next: 2%
Magic:  13/13      EV: 24    Int:  8      God:    Ashenzari [***...]
Gold:   826        SH:  5    Dex: 13 (15) Spells: 10/12 levels left

rFire    + . .     SeeInvis +   a - +0 flail (curse)
rCold    . . .     Faith    .   (no shield)
rNeg     + . .     Spirit   .   m - +0 scale mail (curse)
rPois    ∞         Reflect  +   c - +0 helmet
rElec    +         Harm     .   e - scarf {shadows}
rCorr    .         Rampage  .   o - +0 pair of gloves
MR       .....                  H - +0 pair of boots
Stlth    ..........             w - amulet of reflection
HPRegen  0.24/turn              f - ring of protection from fire
MPRegen  0.13/turn              q - +4 ring of evasion

@: mighty, agile, about to teleport, berserk cooldown, very slightly
contaminated, invisible
A: [deterioration 2], negative energy resistance 1, [screaming 1], electricity
resistance, unbreathing, petrification resistance, [no potion heal 2], rot
immunity, AC +9
a: Curse Item, Scrying, Renounce Religion


You were on level 3 of the Abyss.
You worshipped Ashenzari.
Ashenzari was most pleased with you.
You visited 3 branches of the dungeon, and saw 15 of its levels.
You visited the Abyss 1 time.
You also visited: Volcano.

You collected 826 gold pieces.

Inventory:

Hand Weapons
 a - a cursed +0 flail (weapon)
 g - a +0 dire flail
 I - a +2 morningstar of venom
Missiles
 d - a throwing net (quivered)
Armour
 c - a +0 helmet (worn)
 e - a scarf of shadows (worn)
 m - a cursed +0 scale mail (worn)
 o - a +0 pair of gloves (worn)
 H - a +0 pair of boots (worn)
 J - a +2 scale mail of fire resistance
Jewellery
 f - a ring of protection from fire (left hand)
 q - a +4 ring of evasion (right hand)
 w - an amulet of reflection (around neck)
Wands
 l - a wand of acid (6)
 s - a wand of iceblast (18)
 A - a wand of flame (40)
 E - a wand of digging (6)
 G - a wand of polymorph (6)
Scrolls
 b - 3 scrolls of remove curse
 h - 4 scrolls of amnesia
 i - 6 scrolls of teleportation
 j - 2 scrolls of identify
 n - 3 scrolls of fog
 p - 4 scrolls of fear
 v - 2 scrolls of enchant armour
 y - 2 scrolls of enchant weapon
 B - 2 scrolls of blinking
 F - a scroll of magic mapping
Potions
 t - a potion of magic
 u - 4 potions of stabbing
 x - 2 potions of flight
 z - 6 potions of heal wounds
 C - a potion of invisibility
 D - a potion of brilliance
 K - a potion of berserk rage


   Skills:
 + Level 11.8 Fighting
 + Level 11.1(13.7) Maces & Flails
 - Level 1.7 Throwing
 + Level 11.6 Armour
 + Level 9.5 Dodging


You had 10 spell levels left.
You knew the following spells:

 Your Spells              Type           Power        Failure   Level
a - Swiftness             Air            #.......     83%         2

Your spell library contained the following spells:

 Spells                   Type           Power        Failure   Level
 Sandblast                Erth           #.....       69%         1
 Shock                    Conj/Air       #...         69%         1
 Summon Small Mammal      Summ           #...         69%         1
 Call Imp                 Summ           #.......     83%         2
 Passwall                 Tmut/Erth      #.......     83%         2
 Call Canine Familiar     Summ           #.......     96%         3
 Static Discharge         Conj/Air       #.......     96%         3
 Stone Arrow              Conj/Erth      #.....       96%         3
 Summon Guardian Golem    Hex/Summ       #.......     96%         3
 Airstrike                Air            #.........   100%        4
 Petrify                  Tmut/Erth      #.......     100%        4
 Summon Ice Beast         Ice/Summ       #.......     100%        4
 Summon Lightning Spire   Summ/Air       #.......     100%        4
 Lee's Rapid Deconstruct  Erth           #.........   100%        5
 Lightning Bolt           Conj/Air       #.........   100%        5


Dungeon Overview and Level Annotations

Branches:
Dungeon (12/15)            Temple (1/1) D:5            Lair (2/6) D:11
Volcano (visited)
  Swamp: Lair:2-4    Shoals: Lair:2-4     Snake: Lair:2-4    Spider: Lair:2-4
    Orc: D:9-12

Altars:
Ashenzari
Cheibriados
Dithmenos
Elyvilon
Fedhas
Gozag
Hepliaklqana
Kikubaaqudgha
Makhleb
Nemelex Xobeh
Okawaru
Qazlal
Ru
Sif Muna
Trog
Uskayaw
Vehumet
Wu Jian
Xom
Yredelemnul
Zin
The Shining One

Shops:
D:6 *[   D:8 !

Annotations:
D:11 1 transporter, Talu's ghost, journeyman DsGl
Lair:1 exclusion: 2 oklob plants
Lair:2 Sonja


Innate Abilities, Weirdness & Mutations

You are resistant to torment.
Your stone body is resilient. (AC +9)
You are immune to poison.
You resist negative energy. (rN+)
You are resistant to electric shocks. (rElec)
You can survive without breathing.
You are immune to petrification.
You are immune to rotting.
[Your body often deteriorates upon taking damage.]
[You occasionally shout uncontrollably at your foes.]
[Potions are poor at restoring your health.]


Message History

The orb spider misses you.
A draconian comes into view. It is wielding a +0 whip.
The wretched star pulses with an eldritch light!
Your system partially rejects the healing effects of potions.
Your system mostly rejects the healing effects of potions.
The apocalypse crab misses you.
The apocalypse crab completely misses you.
A draconian comes into view. It is wielding a +0 club.
You shout at the draconian!
The orb spider hisses angrily.
The draconian roars! x2
The orb spider spins a strand of pure energy.
The large abomination completely misses you.
The draconian roars! x2
The draconian roars! x2; You hear a roar!
The apocalypse crab closely misses you. The apocalypse crab barely misses you.
The draconian roars! x2
A black draconian scorcher comes into view.
It is wielding a +0 dagger.
The yellow draconian stormcaller calls down the wrath of Qazlal upon you.
The blast of rubble hits you!
You die...

* , *,, * , *
, * , * ,,, ,
* * , * , ,
###+##* *
,##....## ,*
#......# ,
#@....d#. , *
* #.t..sqq..
*,,#.*..X.#..
* ,
*,##..#d## *
,, ######* ,
, ,, *, , , ,
,,* ,,, * * ,
,, ,, , ,


You could see a yellow draconian stormcaller, a black draconian scorcher
(wandering), a wretched star, 2 draconians, an apocalypse crab, a large
abomination and an orb spider (charged).

Vanquished Creatures
  A hydra (Lair:1)
  Erica (Lair:1)
  4 two-headed ogres
  The ghost of aMcNicky the Skirmisher, a novice PaAK of Lugonu (D:8)
  A wretched star (Abyss:3)
  2 deep elf magi (D:12)
  An ugly thing (D:12)
  3 cane toads
  A centaur skeleton (D:11)
  A gargoyle (D:12)
  2 rime drakes (Lair:1)
  2 komodo dragons (Lair:1)
  An efreet (D:8)
  2 trolls (D:9)
  A raiju (Abyss:3)
  6 hippogriffs
  A vampire (D:12)
  A ynoxinul (Abyss:3)
  29 yaks
  A wyvern (D:12)
  A basilisk (D:11)
  A soldier ant (D:11)
  An acid dragon (D:12)
  4 water moccasins
  2 porcupines (Lair:1)
  3 orc warriors
  3 phantoms
  6 sky beasts
  3 ice beasts
  2 black bears
  A necrophage (D:10)
  8 centaurs
  3 crocodiles
  5 ogres
  18 bullfrogs
  A wyvern skeleton (D:10)
  2 scorpions
  11 killer bees
  16 wights
  4 howler monkeys
  4 orc priests
  3 quasits
  5 hounds
  A jelly (D:9)
  8 orc wizards
  6 iguanas
  10 worker ants
  A hound skeleton (D:9)
  2 worker ant zombies
  15 adders
  A howler monkey skeleton (D:7)
  A shadow imp (D:7)
  2 white imps
  3 ufetubi
  An ooze (D:6)
  An adder skeleton (D:5)
  2 adder zombies (D:6)
  2 worms
  A dart slug (D:2)
  10 leopard geckos
  33 orcs
  A ball python (D:6)
  9 giant cockroaches
  5 hobgoblins
  A jackal (D:8)
  5 kobolds
  4 quokkas
  3 bats
  10 frilled lizards
  14 goblins
  2 jackal zombies
  8 rats
331 creatures vanquished.

Vanquished Creatures (others)
  4 plants
4 creatures vanquished.

Grand Total: 335 creatures vanquished

Notes
Turn   | Place    | Note
-------+----------+-------------------------------------------
     0 | D:1      | Borgoz the Gargoyle Gladiator began the quest for the Orb.
     0 | D:1      | Reached XP level 1. HP: 12/12 MP: 1/1
    91 | D:1      | Reached XP level 2. HP: 18/18 MP: 2/2
   274 | D:1      | Reached skill level 1 in Armour
   702 | D:2      | Reached XP level 3. HP: 22/22 MP: 3/3
   708 | D:2      | Found a sacrificial altar of Ru.
   945 | D:2      | Reached XP level 4. HP: 26/27 MP: 4/4
  1288 | D:3      | Found a blossoming altar of Fedhas.
  1726 | D:4      | Reached XP level 5. HP: 31/32 MP: 5/5
  2189 | D:4      | Found a burning altar of Makhleb.
  2421 | D:4      | Reached XP level 6. HP: 38/38 MP: 6/6
  2648 | D:4      | Found an opulent altar of Gozag.
  2648 | D:4      | Found a basalt altar of Yredelemnul.
  2653 | D:4      | Found a shattered altar of Ashenzari.
  2655 | D:4      | Found a glowing silver altar of Zin.
  2656 | D:4      | Found a faded altar of an unknown god.
  2661 | D:4      | Became a worshipper of Ashenzari the Shackled
  2711 | D:5      | Entered Level 5 of the Dungeon
  2801 | D:5      | Reached XP level 7. HP: 29/43 MP: 7/7
  3332 | D:5      | Reached skill level 5 in Maces & Flails
  3457 | D:5      | Found a staircase to the Ecumenical Temple.
  3468 | Temple   | Entered the Ecumenical Temple
  3742 | D:6      | Reached skill level 5 in Fighting
  3758 | D:6      | Reached XP level 8. HP: 48/49 MP: 8/8
  3866 | D:6      | Found Julick's Armour Shoppe.
  3971 | D:6      | Reached skill level 5 in Armour
  4030 | D:6      | Found Ufagga's Serpentskin Sales.
  4253 | D:6      | Reached skill level 5 in Dodging
  4767 | D:7      | Reached XP level 9. HP: 49/56 MP: 9/9
  5301 | D:7      | Found a shimmering blue altar of Sif Muna.
  5373 | D:8      | Found Renlog's Distillery.
  5445 | D:8      | Reached * piety under Ashenzari
  5503 | D:8      | Noticed a two-headed ogre
  5520 | D:8      | Killed a two-headed ogre
  5709 | D:8      | Learned a level 2 spell: Swiftness
  5765 | D:8      | Noticed a two-headed ogre
  5770 | D:8      | Killed a two-headed ogre
  5770 | D:8      | Reached XP level 10. HP: 49/64 MP: 10/10
  6253 | D:8      | Found a hide-covered altar of Uskayaw.
  6474 | D:8      | Found a runed translucent door.
  6474 | D:8      | Noticed aMcNicky's ghost (novice PaAK)
  6828 | D:9      | HP: 3/65 [yak (10)]
  8300 | D:10     | Entered Level 10 of the Dungeon
  8323 | D:10     | Reached XP level 11. HP: 47/71 MP: 11/11
  8975 | D:10     | Reached ** piety under Ashenzari
  9776 | D:11     | Found a transporter.
  9776 | D:11     | Noticed Talu's ghost (journeyman DsGl)
  9776 | D:11     | Noticed a two-headed ogre
  9778 | D:11     | Noticed a two-headed ogre
  9783 | D:11     | Identified the +3 great mace of Pihet {drain, Str+2}
  9783 | D:11     | Identified the +7 dire flail of an ice cave {freeze, rElec
                  | Stlth+}
  9783 | D:11     | Noticed a two-headed ogre
  9836 | D:11     | Noticed a two-headed ogre
  9847 | D:11     | Killed a two-headed ogre
  9847 | D:11     | Reached skill level 10 in Fighting
 10120 | D:11     | Found a staircase to the Lair.
 10529 | D:11     | Reached skill level 10 in Armour
 11068 | D:8      | Killed aMcNicky's ghost
 11076 | D:8      | Reached skill level 10 in Maces & Flails
 11076 | D:8      | Reached XP level 12. HP: 59/78 MP: 12/12
 11336 | D:12     | Found a shimmering altar of Xom.
 11826 | D:12     | Noticed a two-headed ogre
 11952 | Lair:1   | Entered Level 1 of the Lair of Beasts
 12061 | Lair:1   | Noticed a four-headed hydra
 12073 | Lair:1   | Killed a four-headed hydra
 12100 | Lair:1   | Found a dark tunnel.
 12117 | Volcano  | Entered a volcano
 12145 | Volcano  | Noticed a two-headed ogre
 12153 | Volcano  | Killed a two-headed ogre
 12675 | Lair:1   | Reached *** piety under Ashenzari
 12787 | Lair:1   | Noticed Erica
 12800 | Lair:1   | Killed Erica
 13524 | Lair:2   | Noticed Sonja
 13587 | Lair:2   | Cast into level 2 of the Abyss (Sonja)
 13587 | Abyss:2  | Found a corrupted altar of Lugonu.
 13626 | Abyss:3  | Noticed a wretched star
 13647 | Abyss:3  | Killed a wretched star
 13647 | Abyss:3  | Reached XP level 13. HP: 45/85 MP: 13/13
 13684 | Abyss:3  | Found a corrupted altar of Lugonu.
 13685 | Abyss:3  | Noticed a yellow draconian stormcaller
 13691 | Abyss:3  | Noticed a black draconian scorcher
 13691 | Abyss:3  | Killed from afar by a yellow draconian stormcaller

Illustrated notes

Levels and vault maps discovered:
D:1:      dpeg_arrival_tiny_d, layout_basic
D:2:      layout_rooms, nicolae_ru_the_path_less_chosen
D:3:      layout_rooms, fedhas_altar_1
D:4:      layout_loops_ring, bloody_makhleb, chequers_temple_overflow_minitemple
D:5:      minmay_angry_zag, layout_rooms, lemuel_temple_firewalk_b
D:6:      layout_loops_ring, serial_shops, shop, guppyfry_shop_venom
D:7:      layout_rooms, lemuel_crystal_altar
D:8:      minmay_chambers_of_fours, layout_gridville,
          eat_drink_and_be_merry_uskayaw, serial_shops, shop,
          ebering_ghost_inner_flame
D:9:      layout_loops_cross
D:10:     layout_stronghold
D:11:     layout_loops_ring, david_lair_generic, gammafunk_ghost_smash
D:12:     layout_roguey, erik_orc_1, xom_teletrap_fun
Temple:   nicolae_temple_great_sept
Lair:1:   layout_regular_city, enter_volcano_1, minmay_lair_oklob_chamber,
          uniq_erica
Lair:2:   regret_index_combs_of_tragedy, layout_big_grid,
          minmay_shoals_entry_centaurs, uniq_sonja
Abyss:3:  base: D:9, gammafunk_abyss_rune_reverse_zot

Skill      XL: |  1  2  3  4  5  6  7  8  9 10 11 12 |
---------------+-------------------------------------+-----
Armour         | 1 2 3 4 6 7 9 10 11 | 11.6
Fighting       | 3 4 5 6 8 9 10 11 | 11.8
Dodging        | 3 4 5 6 7 8 9 |  9.5
Maces & Flails | 4 5 6 7 8 10 11 | 11.1
Throwing       | |  1.7

Action                   |  1- 3 |  4- 6 |  7- 9 | 10-12 | 13-15 || total
-------------------------+-------+-------+-------+-------+-------++-------
Melee: Flail             |   109 |   180 |   527 |  1279 |    14 ||  2109
Throw: Throwing net      |       |     1 |     1 |     2 |       ||     4
Invok: Curse Item        |       |       |     1 |       |       ||     1
Evoke: Wand              |       |       |     2 |     6 |       ||     8
  Use: Scroll            |       |     9 |     8 |     6 |     2 ||    25
       Potion            |       |       |     1 |     5 |     5 ||    11
 Stab: Held in net/web   |       |       |     1 |     1 |       ||     2
Armor: Scale mail        |    66 |    83 |   276 |   367 |    14 ||   806
       Leather armour    |     1 |       |       |       |       ||     1
Dodge: Dodged            |    75 |   129 |   612 |   898 |    39 ||  1753
Block: Other             |       |    20 |   175 |   250 |     6 ||   451
       Reflection        |       |     4 |       |     7 |       ||    11

Table legend: (Time is in decaauts)
 A = Elapsed time spent in this place.
 B = Non-inter-level travel time spent in this place.
 C = Inter-level travel time spent in this place.
 D = Time resting spent in this place.
 E = Time spent auto-exploring this place.
 F = Levels seen in this place.
 G = Mean time per level.
                   A        B        C        D        E       F      G
               +--------+--------+--------+--------+--------+-----+--------+
         Total |  13638 |  12983 |    655 |   1688 |   7994 |  18 |  757.7 |
       Dungeon |  11869 |  11253 |    616 |   1646 |   6739 |  12 |  989.1 |
        Temple |     84 |     73 |     11 |      0 |     72 |   1 |   84.0 |
          Lair |   1530 |   1503 |     27 |      9 |   1176 |   2 |  765.0 |
         Abyss |    104 |    104 |      0 |      8 |      7 |   2 |   52.0 |
       Volcano |     50 |     50 |      0 |     25 |      0 |   1 |   50.0 |
               +--------+--------+--------+--------+--------+-----+--------+

Top non-repeatable levels by time:
     D:9: 1707 daAuts
    D:11: 1590 daAuts
     D:8: 1462 daAuts
  Lair:1: 1390 daAuts
    D:10: 1167 daAuts
     D:4: 1037 daAuts
     D:6: 959 daAuts
     D:7: 830 daAuts
     D:5: 813 daAuts
     D:1: 703 daAuts
     D:2: 604 daAuts
    D:12: 568 daAuts
     D:3: 424 daAuts
  Lair:2: 139 daAuts
  Temple: 84 daAuts
